 Dungeon Crawl Stone Soup version 0.30.0-20-g3615ddf2f0 (webtiles) character file.

Game seed: 16804463014156921925

132029 qw the Severer (level 17, -7/109 HPs)
             Began as a Gargoyle Fighter on June 1, 2023.
             Was a High Priest of Okawaru.
             Mangled by Donald
             ... wielding a +1 broad axe of freezing
              (9 damage)
             ... on level 1 of the Spider Nest.
             The game lasted 00:15:02 (27637 turns).

qw the Severer (Gargoyle Fighter)                  Turns: 27637, Time: 00:15:03

Health: -7/109     AC: 46    Str: 30 (31) XL:     17   Next: 11%
Magic:  18/24      EV:  8    Int:  7 (8)  God:    Okawaru [*****.]
Gold:   1027       SH:  0    Dex: 17      Spells: 16/16 levels left

rFire   + . .        t - +2 broad axe (spect)
rCold   . . .        m - +2 kite shield {reflect}
rNeg    + + +        I - +4 chain mail of Gozag's Grace {rF+ Dex+3}
rPois   inf          u - +2 helmet
rElec   +            H - +1 cloak
rCorr   .            G - +0 pair of gloves
SInv    .            w - +2 pair of boots
Will    +....        a - amulet of faith Stlth
                     c - ring "Roqini" {rN++ Str+6 Int-4 Dex+5}
HPRegen 0.38/turn    p - +4 ring of protection
MPRegen 0.19/turn

%: reflection, faith
@: heroic, finesse-ful, flying, held
A: sickness immunity, AC +12, big wings, negative energy resistance 1,
electricity resistance, torment resistance 1, petrification resistance
a: Renounce Religion, Heroism, Finesse, Duel


You were on level 1 of the Spider Nest.
You worshipped Okawaru.
Okawaru was extremely pleased with you.
You visited 5 branches of the dungeon, and saw 26 of its levels.
You also visited: Sewer.

You collected 3416 gold pieces.
You spent 2389 gold pieces at shops.


Innate Abilities, Weirdness & Mutations

You are immune to sickness and miasma.
Your stone body is resilient. (AC +12)
You are immune to poison.
Your large and strong wings let you fly.
You resist negative energy. (rN+)
You are resistant to electric shocks. (rElec)
You are resistant to unholy torment.
You are immune to petrification.


   Skills:
 + Level 13.3(18.3) Fighting
 - Level 18.0(23.0) Axes
 - Level 7.0(12.0) Throwing
 - Level 11.0(16.0) Armour
 - Level 6.0(11.0) Dodging
 - Level 13.5(18.5) Shields
 - Level 10.0 Invocations


You had 16 spell levels left.
You didn't know any spells.
Your spell library was empty.

Inventory:

Hand Weapons
 g - a +0 demon whip of venom
 t - a +2 spectral broad axe (weapon)
Missiles
 e - 2 silver boomerangs (quivered)
 q - 3 boomerangs of dispersal
 F - 16 boomerangs
Armour
 k - +0 acid dragon scales
 m - a +2 kite shield of reflection (worn)
 u - a +2 helmet (worn)
 w - a +2 pair of boots (worn)
 A - the +0 hat of the Beastly God {Harm rF- rC+ Str+3}
   (Okawaru gifted it to you on level 14 of the Dungeon)

   Str:       It affects your strength (+3).
   rF:        It makes you vulnerable to fire.
   rC:        It protects you from cold.
   Harm:      It increases damage dealt and taken.
 G - a +0 pair of gloves (worn)
 H - a +1 cloak (worn)
 I - the +4 chain mail of Gozag's Grace (worn) {rF+ Dex+3}
   (You bought it in a shop on level 15 of the Dungeon)

   Dex:       It affects your dexterity (+3).
   rF:        It protects you from fire.
Jewellery
 a - an amulet of faith (around neck)
 c - the ring "Roqini" (left hand) {rN++ Str+6 Int-4 Dex+5}
   (You found it on level 12 of the Dungeon)

   [ring of strength]

   Str:       It affects your strength (+6).
   Int:       It affects your intelligence (-4).
   Dex:       It affects your dexterity (+5).
   rN:        It greatly protects you from negative energy.
 p - a +4 ring of protection (right hand)
 x - an amulet of the acrobat
 y - a ring of fire
 E - a ring of ice
Wands
 v - a wand of digging (7)
Scrolls
 j - 6 scrolls of teleportation
 r - 10 scrolls of identify
Potions
 b - 5 potions of heal wounds
 d - 3 potions of might
 f - 4 potions of attraction
 i - 4 potions of lignification
 l - 4 potions of resistance
 n - 2 potions of mutation
 o - 3 potions of cancellation
 s - 13 potions of curing
 B - 2 potions of haste

Dungeon Overview and Level Annotations

Branches:
Dungeon (15/15)            Temple (0/1) D:7            Lair (5/5) D:10
 Shoals (3/4) Lair:3       Spider (1/4) Lair:2        Slime (0/5) Lair:5
    Orc (2/2) D:12            Elf (0/3) Orc:2        Vaults (0/5) D:14
 Depths (0/4) D:15          Sewer (visited)

Altars:
Ashenzari
Dithmenos
Fedhas
Kikubaaqudgha
Makhleb
Okawaru
Trog
Jiyva

Shops:
D:1 :   D:3 =   D:5 *   D:15 [*((   Orc:2 ([*[

Annotations:
D:10 2 transporters, qw's ghost, journeyman GrFi
Shoals:1 1 runed translucent door, ShutUppercut's ghost, adept SpEn
Spider:1 Donald


Message History

27630 ||| INVOKING Heroism.
You gain the combat prowess of a mighty hero.
The jumping spider pounces on you but does no damage.
The jumping spider bites you but does no damage.
The redback bites you but does no damage.
The jumping spider pounces on you but does no damage.
The jumping spider barely misses you.
The redback bites you but does no damage.
27631 ||| INVOKING Finesse.
You can now deal lightning-fast blows.
The jumping spider leaps!
The redback bites you but does no damage.
The redback bites you but does no damage.
Donald barely misses you.
The jumping spider leaps!
The redback barely misses you.
Donald hits you with a +1 broad axe of freezing!!
Donald freezes you! The redback closely misses you. Donald barely misses you.
The jumping spider leaps!
The redback bites you!
Donald hits you with a +1 broad axe of freezing!
Donald freezes you.
The jumping spider pounces on you but does no damage.
The jumping spider closely misses you.
The redback bites you but does no damage.
Donald hits you with a +1 broad axe of freezing!
Donald freezes you.
The jumping spider pounces on you but does no damage.
The jumping spider bites you but does no damage.
The redback closely misses you.
Donald says, "My uncle had bigger webs in his attic.
I hated that."
Donald barely misses you.
The jumping spider pounces on you but does no damage.
The jumping spider bites you but does no damage.
The redback bites you but does no damage.
Donald hits you but does no damage.
The jumping spider completely misses you.
The jumping spider bites you but does no damage.
The redback bites you but does no damage.
Donald hits you with a +1 broad axe of freezing!!
Donald freezes you!
You die...

##.....^...
#.[..#.... .
##........ ..
##........ .#
.##........ .#
....#....[ .# #
#...#.@#.#..##
#...[.@.(....#
.....#.ss..####
...?...#.....#
..#...#.#.....#
#.... . .^.....
#.... ..
...#... .....
.. .....## #...
... ...#.# ....
###.


You could see Donald (fast, strong, reflecting), a jumping spider and a redback.

Vanquished Creatures
  Mlioglotl (Spider:1)
  A kraken (Shoals:2)
  Kirke (D:15)
  Frances (D:14)
  A ghost moth (Lair:2)
  An orc warlord (Orc:2)
  A spark wasp (Spider:1)
  Snorg (D:14)
  A merfolk impaler (Shoals:2)
  Harold (D:10)
  3 alligator snapping turtles (Shoals:1)
  3 centaur warriors
  3 catoblepae (Lair:5)
  Erica (Orc:1)
  8 hydras
  3 merfolk aquamancers (Shoals:3)
  3 two-headed ogres
  4 merfolk avatars (Shoals:1)
  7 boulder beetles
  2 dancing weapons (D:14)
  6 death yaks
  2 orc high priests (Orc:2)
  A storm dragon zombie (D:15)
  A tengu warrior (D:14)
  5 skysharks
  4 skeletal warriors (D:15)
  Lodul (D:14)
  Amaemon (Lair:3)
  A golden dragon zombie (D:15)
  20 sea snakes
  A flayed ghost (D:15)
  2 steelbarb worms (Lair:2)
  14 harpies
  A tengu zombie (D:15)
  4 oklob plants (Lair:5)
  A wizard (D:14)
  3 deep elf pyromancers
  A necromancer (D:15)
  9 fauns
  An orc knight (Orc:2)
  8 cyclopes
  A wolf spider (Lair:2)
  9 manticores
  2 orc sorcerers
  5 ugly things
  6 elephants
  A frost giant skeleton (D:15)
  3 black mambas
  6 merfolk sirens
  3 torpor snails (Lair:2)
  An ice statue (D:14)
  An orange demon (Lair:3)
  A cane toad (shapeshifter) (D:14)
  7 cane toads
  7 komodo dragons
  An unseen horror (D:11)
  Maggie (D:7)
  3 rime drakes
  2 efreet
  A freezing wraith (D:15)
  2 ice devils (D:13)
  2 guardian mummies (D:15)
  A tengu conjurer (D:14)
  3 meliai
  8 trolls
  22 merfolk
  2 wind drakes (Shoals:3)
  2 polar bears
  19 blink frogs
  6 dream sheep (Lair:4)
  7 snapping turtles
  Sigmund (D:4)
  A spriggan (shapeshifter) (D:14)
  A jumping spider (Lair:2)
  2 shadows (D:10)
  4 culicivoras (Lair:2)
  17 slime creatures
  A water elemental (Shoals:3)
  5 wraiths
  A wyvern (Lair:2)
  A steam dragon (D:7)
  27 yaks
  7 hogs (D:15)
  3 basilisks
  7 redbacks (Lair:2)
  4 vampire mosquitoes (D:13)
  18 water moccasins
  3 sky beasts (D:7)
  6 ice beasts
  A black bear (Lair:2)
  29 orc warriors
  14 ogres
  25 wolves
  9 centaurs
  A phantom (D:7)
  3 kobold brigands
  2 gnoll sergeants
  4 scorpions
  12 bullfrogs
  3 wights (D:8)
  21 killer bees
  2 howler monkeys
  An electric eel (D:14)
  3 hounds (D:6)
  A jelly (D:7)
  20 orc priests
  3 gnoll boudas
  2 sleepcaps (D:4)
  Terence (D:2)
  5 iguanas
  36 orc wizards
  13 adders
  17 gnolls
  A white imp (D:5)
  91 orcs
  8 endoplasms
  6 giant cockroaches
  6 goblins
  4 hobgoblins
  11 jackals
  20 kobolds
  7 quokkas
  5 ball pythons
  7 bats
  4 frilled lizards
  6 rats
  4 tentacles (Shoals:2)
786 creatures vanquished.

Vanquished Creatures (others)
  An orc wizard (Orc:2)
  2 spectral weapons
  3 tentacles (Shoals:2)
6 creatures vanquished.

Grand Total: 792 creatures vanquished

Notes
Turn   | Place    | Note
-------+----------+-------------------------------------------
     0 | D:1      | qw the Gargoyle Fighter began the quest for the Orb.
     0 | D:1      | Reached XP level 1. HP: 14/14 MP: 1/1
     0 | D:1      | 0 ||| qw: Version: 0.2-a-102-gfc559e5
     0 | D:1      | 0 ||| qw: Game counter: 671
     0 | D:1      | 0 ||| qw: Always use a shield: true
     0 | D:1      | 0 ||| qw: God list: Okawaru
     0 | D:1      | 0 ||| qw: Allow faded altars: false
     0 | D:1      | 0 ||| qw: Do Orc after D:15 true
     0 | D:1      | 0 ||| qw: Do second Lair branch before Depths: true
     0 | D:1      | 0 ||| qw: Lair rune preference: random
     0 | D:1      | 0 ||| qw: Plans: Normal, Zot:1-4, Slime:5, God:TSO, Crypt,
                  | Tomb, Pan, Hells, Abyss, Win
     0 | D:1      | 0 ||| PLANNING D:1-11
    55 | D:1      | Reached skill level 2 in Axes
   308 | D:1      | 308 ||| Stepping ~*~*~tactically~*~*~ (stealth).
   320 | D:1      | Reached XP level 2. HP: 17/19 MP: 2/2
   426 | D:1      | Found Nesticvo's Book Boutique.
   960 | D:1      | You fall into a shaft and drop 1 floor!
  1000 | D:2      | Reached skill level 3 in Axes
  1000 | D:2      | Reached XP level 3. HP: 20/23 MP: 3/3
  1034 | D:2      | 1034 ||| Stepping ~*~*~tactically~*~*~ (stealth).
  1213 | D:2      | 1213 ||| UPGRADING to +0 chain mail.
  1223 | D:2      | 1223 ||| DROPPING +0 scale mail.
  1224 | D:2      | 1224 ||| READING scroll labelled SUABOM AMNET.
  1225 | D:2      | 1225 ||| READING scroll labelled LIEMMIXUU.
  1226 | D:2      | 1226 ||| READING scroll labelled MEHINU FOTTE.
  1227 | D:2      | 1227 ||| READING scroll labelled SOEKHL AT EGUCW.
  1228 | D:2      | 1228 ||| READING scroll labelled WAIHIE WOSTOW.
  1228 | D:2      | Identified a scroll of acquirement
  1228 | D:2      | 1228 ||| ACQUIRING 446 gold pieces
  1228 | D:2      | Acquired 446 gold pieces
  1229 | D:2      | 1229 ||| READING scroll labelled LIQAKE NEZEBB.
  1230 | D:2      | 1230 ||| READING scroll labelled HIANUETHRYV.
  1231 | D:2      | 1231 ||| READING scroll labelled SOEMONI BUDGH.
  1438 | D:1      | 1438 ||| READING scroll labelled HANUOW SULECH.
  1664 | D:2      | 1664 ||| Stepping ~*~*~tactically~*~*~ (stealth).
  1667 | D:2      | 1667 ||| Stepping ~*~*~tactically~*~*~ (hiding).
  1676 | D:2      | Reached XP level 4. HP: 23/28 MP: 4/4
  1683 | D:2      | 1683 ||| Stepping ~*~*~tactically~*~*~ (stealth).
  1899 | D:2      | Reached skill level 4 in Axes
  1985 | D:2      | Noticed Terence
  1998 | D:2      | Killed Terence
  2036 | D:2      | 2036 ||| DROPPING +0 club.
  2146 | D:2      | 2146 ||| UPGRADING to +3 chain mail of willpower.
  2156 | D:2      | 2156 ||| DROPPING +0 chain mail.
  2157 | D:2      | 2157 ||| UPGRADING to amulet of faith.
  2162 | D:2      | 2162 ||| DRINKING 2 bubbling cyan potions.
  2163 | D:2      | 2163 ||| DRINKING 3 white potions.
  2396 | D:3      | Found Riarajof's Jewellery Shop.
  2399 | D:3      | 2399 ||| BUYING +4 ring of protection (432 gold).
  2399 | D:3      | Bought a +4 ring of protection for 432 gold pieces
  2399 | D:3      | 2399 ||| SHOPLISTING +5 ring of evasion (432 gold, have
                  | 146).
  2510 | D:3      | Found a faded altar of an unknown god.
  2536 | D:3      | Found a burning altar of Makhleb.
  2555 | D:3      | 2555 ||| Stepping ~*~*~tactically~*~*~ (stealth).
  2568 | D:3      | 2568 ||| Stepping ~*~*~tactically~*~*~ (stealth).
  2580 | D:3      | Reached XP level 5. HP: 26/32 MP: 5/5
  3000 | D:3      | Found an iron altar of Okawaru.
  3000 | D:3      | Found a bloodstained altar of Trog.
  3001 | D:3      | 3001 ||| PLANNING OKAWARU WORSHIP
  3039 | D:3      | 3039 ||| UPGRADING to +4 ring of slaying {mikee}.
  3040 | D:3      | 3040 ||| UPGRADING to +4 ring of protection.
  3041 | D:3      | 3041 ||| READING scroll labelled SOF SACIGOM.
  3042 | D:3      | 3042 ||| READING 3 scrolls labelled SAMAVE GYIR.
  3043 | D:3      | 3043 ||| READING 2 scrolls of identify.
  3043 | D:3      | 3043 ||| IDENTIFYING sapphire potion
  3044 | D:3      | 3044 ||| DROPPING potion of berserk rage.
  3045 | D:3      | 3045 ||| DROPPING potion of flight.
  3053 | D:3      | Became a worshipper of Warmaster Okawaru
  3053 | D:3      | 3053 ||| PLANNING D:1-11
  3054 | D:3      | 3054 ||| DROPPING amulet of guardian spirit.
  3086 | D:4      | 3086 ||| PLANNING SEWER
  3113 | D:4      | 3113 ||| Stepping ~*~*~tactically~*~*~ (stealth).
  3178 | D:4      | 3178 ||| READING scroll of enchant weapon.
  3178 | D:4      | 3178 ||| ENCHANTING +1 war axe.
  3216 | D:4      | Found a broken altar of Ashenzari.
  3219 | D:4      | Found a blossoming altar of Fedhas.
  3302 | D:4      | Reached skill level 5 in Axes
  3320 | D:4      | Found a glowing drain.
  3371 | Sewer    | Entered a sewer
  3377 | Sewer    | 3377 ||| Stepping ~*~*~tactically~*~*~ (stealth).
  3407 | Sewer    | Noticed a water moccasin
  3413 | Sewer    | Killed a water moccasin
  3414 | Sewer    | Reached XP level 6. HP: 40/40 MP: 6/6
  3435 | Sewer    | 3435 ||| DROPPING +1 heavy mace.
  3484 | D:4      | 3484 ||| PLANNING D:1-11
  3683 | D:4      | Noticed Sigmund
  3692 | D:4      | Killed Sigmund
  3692 | D:4      | Reached * piety under Okawaru
  3693 | D:4      | Reached skill level 6 in Axes
  3693 | D:4      | Reached XP level 7. HP: 44/44 MP: 7/7
  3998 | D:5      | Entered Level 5 of the Dungeon
  4044 | D:5      | Identified the +2 ring mail of Bibegesh {Contam Will+ MP+9
                  | Slay+3}
  4142 | D:5      | Reached skill level 1 in Dodging
  4142 | D:5      | Reached skill level 1 in Invocations
  4185 | D:5      | Reached ** piety under Okawaru
  4202 | D:5      | 4202 ||| Stepping ~*~*~tactically~*~*~ (stealth).
  4204 | D:5      | 4204 ||| Stepping ~*~*~tactically~*~*~ (stealth).
  4239 | D:5      | 4239 ||| Stepping ~*~*~tactically~*~*~ (stealth).
  4240 | D:5      | 4240 ||| Stepping ~*~*~tactically~*~*~ (stealth).
  4253 | D:5      | Found Woakhasy's Mayhem Merchandise.
  4261 | D:5      | 4261 ||| BUYING +0 broad axe (48 gold).
  4261 | D:5      | Bought a +0 broad axe for 48 gold pieces
  4261 | D:5      | 4261 ||| SWAPPING to +0 broad axe.
  4262 | D:5      | 4262 ||| DROPPING +2 war axe.
  4360 | D:5      | 4360 ||| READING 2 scrolls labelled VAHUUB DOUF.
  4361 | D:5      | 4361 ||| DRINKING 2 fuming puce potions.
  4362 | D:5      | 4362 ||| READING 2 scrolls of identify.
  4362 | D:5      | 4362 ||| IDENTIFYING viscous sapphire potion
  4363 | D:5      | 4363 ||| DROPPING potion of invisibility.
  4364 | D:5      | 4364 ||| DROPPING scroll of fog.
  4393 | D:6      | Reached skill level 3 in Invocations
  4396 | D:6      | Reached XP level 8. HP: 40/49 MP: 10/10
  4396 | D:6      | 4396 ||| Stepping ~*~*~tactically~*~*~ (hiding).
  4398 | D:6      | 4398 ||| Stepping ~*~*~tactically~*~*~ (stealth).
  4399 | D:6      | 4399 ||| STAIRDANCE
  4434 | D:6      | 4434 ||| Stepping ~*~*~tactically~*~*~ (stealth).
  4529 | D:6      | 4529 ||| INVOKING Heroism.
  4671 | D:6      | 4671 ||| Stepping ~*~*~tactically~*~*~ (hiding).
  4676 | D:6      | 4676 ||| INVOKING Heroism.
  4681 | D:6      | Reached skill level 7 in Axes
  4764 | D:6      | 4764 ||| Stepping ~*~*~tactically~*~*~ (hiding).
  4765 | D:6      | 4765 ||| Stepping ~*~*~tactically~*~*~ (hiding).
  4766 | D:6      | 4766 ||| Stepping ~*~*~tactically~*~*~ (hiding).
  4806 | D:6      | 4806 ||| Stepping ~*~*~tactically~*~*~ (stealth).
  4807 | D:6      | 4807 ||| Stepping ~*~*~tactically~*~*~ (stealth).
  4815 | D:6      | Reached skill level 1 in Throwing
  4911 | D:6      | 4911 ||| INVOKING Heroism.
  5022 | D:6      | 5022 ||| Stepping ~*~*~tactically~*~*~ (stealth).
  5023 | D:6      | 5023 ||| Stepping ~*~*~tactically~*~*~ (stealth).
  5024 | D:6      | Noticed a troll
  5025 | D:6      | 5025 ||| INVOKING Heroism.
  5031 | D:6      | Killed a troll
  5031 | D:6      | Reached *** piety under Okawaru
  5032 | D:6      | Reached skill level 8 in Axes
  5156 | D:6      | Reached XP level 9. HP: 54/54 MP: 12/12
  5186 | D:6      | 5186 ||| UPGRADING to +0 cloak.
  5191 | D:6      | 5191 ||| DRINKING 2 red potions.
  5192 | D:6      | 5192 ||| READING 3 scrolls of identify.
  5192 | D:6      | 5192 ||| IDENTIFYING fizzy orange potion
  5307 | D:7      | 5307 ||| Stepping ~*~*~tactically~*~*~ (hiding).
  5308 | D:7      | 5308 ||| Stepping ~*~*~tactically~*~*~ (hiding).
  5309 | D:7      | 5309 ||| INVOKING Heroism.
  5313 | D:7      | Reached skill level 6 in Fighting
  5419 | D:7      | 5419 ||| Stepping ~*~*~tactically~*~*~ (stealth).
  5427 | D:7      | 5427 ||| INVOKING Heroism.
  5435 | D:7      | Reached skill level 9 in Axes
  5541 | D:7      | 5541 ||| Stepping ~*~*~tactically~*~*~ (stealth).
  5544 | D:7      | Noticed Maggie
  5549 | D:7      | 5549 ||| INVOKING Heroism.
  5561 | D:7      | Killed Maggie
  5640 | D:7      | 5640 ||| INVOKING Heroism.
  5797 | D:7      | Found a staircase to the Ecumenical Temple.
  6048 | D:7      | 6048 ||| INVOKING Heroism.
  6049 | D:7      | 6049 ||| Stepping ~*~*~tactically~*~*~ (hiding).
  6057 | D:7      | 6057 ||| Stepping ~*~*~tactically~*~*~ (stealth).
  6089 | D:7      | 6089 ||| DROPPING +0 flail.
  6122 | D:7      | Reached **** piety under Okawaru
  6136 | D:7      | 6136 ||| DRINKING 2 bubbling inky potions.
  6137 | D:7      | 6137 ||| DROPPING potion of degeneration.
  6170 | D:8      | 6170 ||| INVOKING Heroism.
  6193 | D:8      | 6193 ||| Stepping ~*~*~tactically~*~*~ (stealth).
  6266 | D:8      | 6266 ||| Stepping ~*~*~tactically~*~*~ (hiding).
  6277 | D:8      | Reached skill level 10 in Axes
  6277 | D:8      | Reached XP level 10. HP: 59/63 MP: 13/13
  6353 | D:8      | 6353 ||| Stepping ~*~*~tactically~*~*~ (stealth).
  6355 | D:8      | 6355 ||| Stepping ~*~*~tactically~*~*~ (hiding).
  6375 | D:8      | 6375 ||| Stepping ~*~*~tactically~*~*~ (hiding).
  7047 | D:8      | 7047 ||| UPGRADING to +2 helmet.
  7052 | D:8      | 7052 ||| READING scroll labelled RIKLAI BICIMIM.
  7053 | D:8      | 7053 ||| READING 2 scrolls of identify.
  7053 | D:8      | 7053 ||| IDENTIFYING viscous cyan potion
  7254 | D:9      | Reached skill level 6 in Invocations
  7361 | D:9      | Noticed a two-headed ogre
  7362 | D:9      | 7362 ||| INVOKING Heroism.
  7368 | D:9      | Killed a two-headed ogre
  7368 | D:9      | Reached ***** piety under Okawaru
  7368 | D:9      | Received a gift from Okawaru
  7552 | D:9      | Noticed a boulder beetle
  7553 | D:9      | 7553 ||| Stepping ~*~*~tactically~*~*~ (stealth).
  7554 | D:9      | 7554 ||| INVOKING Heroism.
  7555 | D:9      | 7555 ||| INVOKING Finesse.
  7571 | D:9      | Killed a boulder beetle
  7636 | D:9      | 7636 ||| Stepping ~*~*~tactically~*~*~ (stealth).
  7638 | D:9      | 7638 ||| Stepping ~*~*~tactically~*~*~ (stealth).
  7639 | D:9      | 7639 ||| INVOKING Heroism.
  7650 | D:9      | Reached skill level 3 in Throwing
  7819 | D:9      | 7819 ||| Stepping ~*~*~tactically~*~*~ (hiding).
  8103 | D:10     | Entered Level 10 of the Dungeon
  8131 | D:10     | Found a transporter.
  8135 | D:10     | Noticed qw's ghost (journeyman GrFi)
  8151 | D:10     | Found a transporter.
  8182 | D:10     | 8182 ||| INVOKING Heroism.
  8277 | D:10     | Reached XP level 11. HP: 66/68 MP: 17/17
  8283 | D:10     | 8283 ||| INVOKING Heroism.
  8314 | D:10     | HP: 15/68 [killer bee (6)]
  8315 | D:10     | 8315 ||| READING 6 scrolls of teleportation.
  8316 | D:10     | 8316 ||| DRINKING 2 potions of heal wounds.
  8326 | D:10     | Reached skill level 9 in Invocations
  8327 | D:10     | 8327 ||| INVOKING Heroism.
  8333 | D:10     | Received a gift from Okawaru
  8343 | D:10     | 8343 ||| Stepping ~*~*~tactically~*~*~ (stealth).
  8344 | D:10     | 8344 ||| Stepping ~*~*~tactically~*~*~ (stealth).
  8344 | D:10     | Found a staircase to the Lair.
  8358 | D:10     | 8358 ||| Stepping ~*~*~tactically~*~*~ (stealth).
  8359 | D:10     | 8359 ||| Stepping ~*~*~tactically~*~*~ (stealth).
  8364 | D:10     | 8364 ||| Stepping ~*~*~tactically~*~*~ (stealth).
  8371 | D:10     | 8371 ||| INVOKING Heroism.
  8375 | D:10     | 8375 ||| Stepping ~*~*~tactically~*~*~ (stealth).
  8378 | D:10     | 8378 ||| FLEEEEING.
  8379 | D:10     | 8379 ||| FLEEEEING.
  8380 | D:10     | 8380 ||| FLEEEEING.
  8381 | D:10     | 8381 ||| FLEEEEING.
  8382 | D:10     | 8382 ||| FLEEEEING.
  8383 | D:10     | 8383 ||| FLEEEEING.
  8384 | D:10     | 8384 ||| FLEEEEING.
  8385 | D:10     | 8385 ||| FLEEEEING.
  8386 | D:10     | 8386 ||| FLEEEEING.
  8387 | D:10     | 8387 ||| FLEEEEING.
  8388 | D:10     | 8388 ||| FLEEEEING.
  8389 | D:10     | 8389 ||| FLEEEEING.
  8394 | D:10     | 8394 ||| FLEEEEING.
  8395 | D:10     | 8395 ||| FLEEEEING.
  8396 | D:10     | 8396 ||| FLEEEEING.
  8397 | D:10     | 8397 ||| FLEEEEING.
  8398 | D:10     | 8398 ||| FLEEEEING.
  8399 | D:10     | 8399 ||| FLEEEEING.
  8400 | D:10     | 8400 ||| STAIRDANCE
  8642 | D:10     | 8642 ||| Stepping ~*~*~tactically~*~*~ (stealth).
  8646 | D:10     | 8646 ||| Stepping ~*~*~tactically~*~*~ (hiding).
  8648 | D:10     | 8648 ||| Stepping ~*~*~tactically~*~*~ (hiding).
  8689 | D:10     | 8689 ||| Stepping ~*~*~tactically~*~*~ (stealth).
  8694 | D:10     | 8694 ||| Stepping ~*~*~tactically~*~*~ (stealth).
  8695 | D:10     | 8695 ||| Stepping ~*~*~tactically~*~*~ (stealth).
  8698 | D:10     | 8698 ||| Stepping ~*~*~tactically~*~*~ (hiding).
  8699 | D:10     | 8699 ||| Stepping ~*~*~tactically~*~*~ (hiding).
  8701 | D:10     | 8701 ||| Stepping ~*~*~tactically~*~*~ (hiding).
  8810 | D:10     | Noticed a two-headed ogre
  8811 | D:10     | 8811 ||| Stepping ~*~*~tactically~*~*~ (stealth).
  8813 | D:10     | 8813 ||| INVOKING Heroism.
  8820 | D:10     | Killed a two-headed ogre
  8850 | D:10     | 8850 ||| FLEEEEING.
  8851 | D:10     | 8851 ||| FLEEEEING.
  8853 | D:10     | 8853 ||| FLEEEEING.
  8854 | D:10     | 8854 ||| FLEEEEING.
  8856 | D:10     | 8856 ||| FLEEEEING.
  8857 | D:10     | 8857 ||| FLEEEEING.
  8860 | D:10     | 8860 ||| FLEEEEING.
  8861 | D:10     | 8861 ||| FLEEEEING.
  8862 | D:10     | 8862 ||| FLEEEEING.
  8863 | D:10     | 8863 ||| FLEEEEING.
  8873 | D:10     | Reached skill level 11 in Axes
  8992 | D:10     | Noticed Harold
  8993 | D:10     | 8993 ||| Stepping ~*~*~tactically~*~*~ (hiding).
  8996 | D:10     | 8996 ||| INVOKING Heroism.
  9007 | D:10     | Killed Harold
  9132 | D:10     | 9132 ||| PLANNING LAIR
  9132 | D:10     | 9132 ||| READING scroll labelled NUIQA KOYQACW.
  9133 | D:10     | 9133 ||| READING 2 scrolls labelled FUQONTI LAXZU.
  9134 | D:10     | 9134 ||| READING scroll labelled TEIMAXZ HISITT.
  9135 | D:10     | 9135 ||| DROPPING scroll of poison.
  9148 | Lair:1   | Entered Level 1 of the Lair of Beasts
  9166 | Lair:1   | 9166 ||| Stepping ~*~*~tactically~*~*~ (stealth).
  9190 | Lair:1   | 9190 ||| Stepping ~*~*~tactically~*~*~ (stealth).
  9235 | Lair:1   | 9235 ||| READING scroll of enchant weapon.
  9235 | Lair:1   | 9235 ||| ENCHANTING +0 broad axe of electrocution.
  9244 | Lair:1   | Noticed a six-headed hydra
  9245 | Lair:1   | 9245 ||| INVOKING Heroism.
  9246 | Lair:1   | 9246 ||| INVOKING Finesse.
  9251 | Lair:1   | 9251 ||| SWAPPING to +2 hand axe of flaming.
  9256 | Lair:1   | Killed a three-headed hydra
  9257 | Lair:1   | Reached skill level 6 in Armour
  9257 | Lair:1   | 9257 ||| SWAPPING to +1 broad axe of electrocution.
  9370 | Lair:1   | Found a shadowy altar of Dithmenos.
  9422 | Lair:1   | 9422 ||| Stepping ~*~*~tactically~*~*~ (stealth).
  9434 | Lair:1   | Received a gift from Okawaru
  9519 | Lair:1   | 9519 ||| Stepping ~*~*~tactically~*~*~ (stealth).
  9525 | Lair:1   | 9525 ||| INVOKING Heroism.
  9601 | Lair:1   | 9601 ||| INVOKING Heroism.
  9607 | Lair:1   | Reached skill level 9 in Fighting
 10131 | Lair:2   | 10131 ||| Stepping ~*~*~tactically~*~*~ (stealth).
 10132 | Lair:2   | 10132 ||| Stepping ~*~*~tactically~*~*~ (stealth).
 10133 | Lair:2   | 10133 ||| Stepping ~*~*~tactically~*~*~ (stealth).
 10189 | Lair:2   | Received a gift from Okawaru
 10190 | Lair:2   | Reached XP level 12. HP: 74/76 MP: 19/19
 10331 | Lair:2   | Noticed a five-headed hydra
 10332 | Lair:2   | 10332 ||| INVOKING Heroism.
 10333 | Lair:2   | 10333 ||| INVOKING Finesse.
 10338 | Lair:2   | 10338 ||| SWAPPING to +2 hand axe of flaming.
 10341 | Lair:2   | Killed a two-headed hydra
 10342 | Lair:2   | Reached skill level 12 in Axes
 10342 | Lair:2   | 10342 ||| SWAPPING to +1 broad axe of electrocution.
 10402 | Lair:2   | Noticed a four-headed hydra
 10403 | Lair:2   | 10403 ||| INVOKING Heroism.
 10404 | Lair:2   | 10404 ||| INVOKING Finesse.
 10408 | Lair:2   | 10408 ||| SWAPPING to +2 hand axe of flaming.
 10413 | Lair:2   | Killed a one-headed hydra
 10414 | Lair:2   | 10414 ||| SWAPPING to +1 broad axe of electrocution.
 10483 | Lair:2   | Reached skill level 6 in Shields
 10496 | Lair:2   | 10496 ||| READING 4 scrolls of identify.
 10496 | Lair:2   | 10496 ||| IDENTIFYING metallic yellow potion
 10566 | Lair:2   | Noticed a death yak
 10568 | Lair:2   | 10568 ||| DROPPING potion of ambrosia.
 10570 | Lair:2   | 10570 ||| INVOKING Heroism.
 10571 | Lair:2   | 10571 ||| INVOKING Finesse.
 10578 | Lair:2   | Killed a death yak
 10606 | Lair:2   | 10606 ||| Stepping ~*~*~tactically~*~*~ (stealth).
 10660 | Lair:2   | Noticed a five-headed hydra
 10661 | Lair:2   | 10661 ||| INVOKING Heroism.
 10666 | Lair:2   | 10666 ||| SWAPPING to +2 hand axe of flaming.
 10672 | Lair:2   | Killed a one-headed hydra
 10673 | Lair:2   | 10673 ||| SWAPPING to +1 broad axe of electrocution.
 10799 | Lair:2   | Noticed an eight-headed hydra
 10800 | Lair:2   | 10800 ||| INVOKING Heroism.
 10805 | Lair:2   | 10805 ||| SWAPPING to +2 hand axe of flaming.
 10811 | Lair:2   | Killed a three-headed hydra
 10812 | Lair:2   | 10812 ||| SWAPPING to +1 broad axe of electrocution.
 11002 | Lair:2   | Found a hole to the Spider Nest.
 11054 | Lair:2   | 11054 ||| Stepping ~*~*~tactically~*~*~ (hiding).
 11097 | Lair:2   | 11097 ||| Stepping ~*~*~tactically~*~*~ (hiding).
 11098 | Lair:2   | 11098 ||| Stepping ~*~*~tactically~*~*~ (stealth).
 11113 | Lair:2   | 11113 ||| INVOKING Heroism.
 11271 | Lair:2   | You fall into a shaft and drop 1 floor!
 11282 | Lair:3   | 11282 ||| Stepping ~*~*~tactically~*~*~ (hiding).
 11283 | Lair:3   | 11283 ||| Stepping ~*~*~tactically~*~*~ (hiding).
 11316 | Lair:3   | 11316 ||| READING scroll labelled MEXZOH POCZA.
 11318 | Lair:3   | 11318 ||| Stepping ~*~*~tactically~*~*~ (stealth).
 11465 | Lair:2   | 11465 ||| INVOKING Heroism.
 11472 | Lair:2   | Received a gift from Okawaru
 11473 | Lair:2   | Reached skill level 13 in Axes
 11637 | Lair:3   | 11637 ||| FLEEEEING.
 11638 | Lair:3   | 11638 ||| FLEEEEING.
 11639 | Lair:3   | 11639 ||| FLEEEEING.
 11640 | Lair:3   | 11640 ||| FLEEEEING.
 11641 | Lair:3   | 11641 ||| STAIRDANCE
 11745 | Lair:3   | 11745 ||| STAIRDANCE
 11747 | Lair:2   | 11747 ||| INVOKING Heroism.
 11752 | Lair:2   | Received a gift from Okawaru
 11819 | Lair:3   | Noticed Amaemon
 11820 | Lair:3   | 11820 ||| INVOKING Heroism.
 11822 | Lair:3   | 11822 ||| Stepping ~*~*~tactically~*~*~ (hiding).
 11831 | Lair:3   | Killed Amaemon
 11869 | Lair:3   | 11869 ||| Stepping ~*~*~tactically~*~*~ (stealth).
 11870 | Lair:3   | 11870 ||| Stepping ~*~*~tactically~*~*~ (stealth).
 11892 | Lair:3   | 11892 ||| Stepping ~*~*~tactically~*~*~ (hiding).
 11893 | Lair:3   | 11893 ||| Stepping ~*~*~tactically~*~*~ (hiding).
 11955 | Lair:3   | 11955 ||| Stepping ~*~*~tactically~*~*~ (stealth).
 11964 | Lair:3   | Reached XP level 13. HP: 79/82 MP: 20/20
 11976 | Lair:3   | 11976 ||| Stepping ~*~*~tactically~*~*~ (stealth).
 12031 | Lair:3   | 12031 ||| INVOKING Heroism.
 12121 | Lair:3   | Identified the +1 great sword of Dullness {antimagic, *Slow
                  | Str+3 SInv}
 12222 | Lair:3   | Identified the +1 robe "Tokhlaiko" {Rampage}
 12474 | Lair:3   | Found a staircase to the Shoals.
 12515 | Lair:3   | 12515 ||| DROPPING +0 plate armour.
 12516 | Lair:3   | 12516 ||| UPGRADING to +0 pair of boots.
 12521 | Lair:3   | 12521 ||| DROPPING +6 ring of strength.
 12565 | Lair:4   | 12565 ||| Stepping ~*~*~tactically~*~*~ (stealth).
 12573 | Lair:4   | Reached skill level 14 in Axes
 12577 | Lair:4   | 12577 ||| Stepping ~*~*~tactically~*~*~ (stealth).
 12579 | Lair:4   | 12579 ||| INVOKING Heroism.
 12638 | Lair:4   | 12638 ||| READING scroll of enchant armour.
 12638 | Lair:4   | 12638 ||| ENCHANTING +0 pair of boots.
 12842 | Lair:4   | 12842 ||| Stepping ~*~*~tactically~*~*~ (stealth).
 12843 | Lair:4   | 12843 ||| Stepping ~*~*~tactically~*~*~ (stealth).
 12845 | Lair:4   | 12845 ||| Stepping ~*~*~tactically~*~*~ (stealth).
 12874 | Lair:4   | Reached skill level 9 in Armour
 13083 | Lair:4   | 13083 ||| Stepping ~*~*~tactically~*~*~ (stealth).
 13097 | Lair:4   | Identified the +1 eveningstar of Okawaru's Grace {holy,
                  | rElec rPois Will++ Int-3 Stlth+} (Okawaru gifted it to you
                  | on level 4 of the Lair of Beasts)
 13097 | Lair:4   | Received a gift from Okawaru
 13586 | Lair:4   | 13586 ||| READING 6 scrolls of identify.
 13586 | Lair:4   | 13586 ||| IDENTIFYING green potion
 13636 | Lair:5   | Entered Level 5 of the Lair of Beasts
 13649 | Lair:5   | 13649 ||| INVOKING Heroism.
 13661 | Lair:5   | 13661 ||| Stepping ~*~*~tactically~*~*~ (stealth).
 13802 | Lair:5   | 13802 ||| Stepping ~*~*~tactically~*~*~ (stealth).
 13804 | Lair:5   | 13804 ||| INVOKING Heroism.
 13876 | Lair:5   | 13876 ||| INVOKING Heroism.
 13949 | Lair:5   | 13949 ||| Stepping ~*~*~tactically~*~*~ (stealth).
 13951 | Lair:5   | 13951 ||| Stepping ~*~*~tactically~*~*~ (stealth).
 13964 | Lair:5   | Received a gift from Okawaru
 14125 | Lair:5   | 14125 ||| INVOKING Heroism.
 14151 | Lair:5   | 14151 ||| Stepping ~*~*~tactically~*~*~ (hiding).
 14153 | Lair:5   | 14153 ||| INVOKING Finesse.
 14162 | Lair:5   | Received a gift from Okawaru
 14202 | Lair:5   | 14202 ||| Stepping ~*~*~tactically~*~*~ (stealth).
 14211 | Lair:5   | 14211 ||| Stepping ~*~*~tactically~*~*~ (stealth).
 14217 | Lair:5   | 14217 ||| INVOKING Heroism.
 14218 | Lair:5   | 14218 ||| INVOKING Finesse.
 14288 | Lair:5   | 14288 ||| Stepping ~*~*~tactically~*~*~ (stealth).
 14291 | Lair:5   | 14291 ||| Stepping ~*~*~tactically~*~*~ (stealth).
 14292 | Lair:5   | 14292 ||| INVOKING Heroism.
 14293 | Lair:5   | 14293 ||| INVOKING Finesse.
 14312 | Lair:5   | Reached skill level 15 in Axes
 14356 | Lair:5   | 14356 ||| Stepping ~*~*~tactically~*~*~ (hiding).
 14358 | Lair:5   | 14358 ||| Stepping ~*~*~tactically~*~*~ (hiding).
 14360 | Lair:5   | 14360 ||| INVOKING Heroism.
 14367 | Lair:5   | 14367 ||| INVOKING Finesse.
 14446 | Lair:5   | 14446 ||| READING scroll of enchant armour.
 14446 | Lair:5   | 14446 ||| ENCHANTING +1 pair of boots.
 14471 | Lair:5   | 14471 ||| Stepping ~*~*~tactically~*~*~ (stealth).
 14476 | Lair:5   | 14476 ||| INVOKING Heroism.
 14477 | Lair:5   | 14477 ||| INVOKING Finesse.
 14492 | Lair:5   | Gained mutation: Your large and strong wings let you fly.
                  | [Gargoyle growth]
 14492 | Lair:5   | Reached XP level 14. HP: 90/90 MP: 14/21
 14590 | Lair:5   | 14590 ||| Stepping ~*~*~tactically~*~*~ (hiding).
 14591 | Lair:5   | 14591 ||| Stepping ~*~*~tactically~*~*~ (stealth).
 14826 | Lair:5   | Found a viscous altar of Jiyva.
 14828 | Lair:5   | 14828 ||| FLEEEEING.
 14861 | Lair:5   | 14861 ||| FLEEEEING.
 14938 | Lair:5   | 14938 ||| INVOKING Heroism.
 14939 | Lair:5   | 14939 ||| INVOKING Finesse.
 14940 | Lair:5   | Found a staircase to the Slime Pits.
 14959 | Lair:5   | 14959 ||| READING 6 scrolls of teleportation.
 14959 | Lair:5   | HP: 20/90 [oklob plant/splash of acid (9)]
 14960 | Lair:5   | 14960 ||| DRINKING 4 potions of heal wounds.
 14962 | Lair:5   | Received a gift from Okawaru
 15480 | Lair:5   | 15480 ||| INVOKING Heroism.
 15492 | Lair:5   | Reached skill level 6 in Throwing
 15639 | Lair:5   | 15639 ||| PLANNING D:1-11
 15639 | Lair:5   | 15639 ||| DRINKING 3 metallic grey potions.
 15640 | Lair:5   | 15640 ||| DRINKING 2 ruby potions.
 15641 | Lair:5   | 15641 ||| DROPPING potion of brilliance.
 15843 | D:11     | 15843 ||| FLEEEEING.
 15844 | D:11     | 15844 ||| FLEEEEING.
 16418 | D:11     | 16418 ||| INVOKING Heroism.
 16427 | D:11     | Received a gift from Okawaru
 16586 | D:11     | 16586 ||| READING scroll of enchant weapon.
 16586 | D:11     | 16586 ||| ENCHANTING +1 broad axe of electrocution.
 16631 | D:11     | 16631 ||| INVOKING Heroism.
 16634 | D:11     | Reached skill level 12 in Fighting
 16652 | D:11     | 16652 ||| Stepping randomly (disturbance).
 16837 | D:11     | 16837 ||| PLANNING D
 16837 | D:11     | 16837 ||| UPGRADING to +0 kite shield.
 16847 | D:11     | 16847 ||| DROPPING +0 buckler.
 16890 | D:12     | 16890 ||| INVOKING Heroism.
 17141 | D:12     | Identified the ring "Roqini" {rN++ Str+6 Int-4 Dex+5}
 17299 | D:12     | Found a staircase to the Orcish Mines.
 17401 | D:12     | 17401 ||| UPGRADING to ring "Roqini" {rN++ Str+6 Int-4
                  | Dex+5}.
 17403 | D:12     | 17403 ||| DROPPING +4 ring of slaying {mikee}.
 17482 | D:13     | 17482 ||| INVOKING Heroism.
 17483 | D:13     | 17483 ||| INVOKING Finesse.
 17486 | D:13     | Reached skill level 9 in Shields
 17592 | D:13     | 17592 ||| Stepping ~*~*~tactically~*~*~ (hiding).
 17596 | D:13     | 17596 ||| Stepping ~*~*~tactically~*~*~ (hiding).
 17685 | D:13     | 17685 ||| INVOKING Heroism.
 17944 | D:13     | 17944 ||| INVOKING Heroism.
 17945 | D:13     | 17945 ||| INVOKING Finesse.
 17950 | D:13     | 17950 ||| SWAPPING to +2 hand axe of flaming.
 17954 | D:13     | Reached skill level 3 in Dodging
 17954 | D:13     | 17954 ||| SWAPPING to +2 broad axe of electrocution.
 17955 | D:13     | 17955 ||| Stepping ~*~*~tactically~*~*~ (stealth).
 17958 | D:13     | 17958 ||| Stepping ~*~*~tactically~*~*~ (stealth).
 18001 | D:13     | 18001 ||| Stepping ~*~*~tactically~*~*~ (hiding).
 18002 | D:13     | 18002 ||| Stepping ~*~*~tactically~*~*~ (hiding).
 18015 | D:13     | 18015 ||| Stepping ~*~*~tactically~*~*~ (hiding).
 18016 | D:13     | 18016 ||| Stepping ~*~*~tactically~*~*~ (hiding).
 18017 | D:13     | 18017 ||| Stepping ~*~*~tactically~*~*~ (hiding).
 18023 | D:13     | 18023 ||| INVOKING Heroism.
 18027 | D:13     | 18027 ||| Stepping ~*~*~tactically~*~*~ (hiding).
 18694 | D:13     | 18694 ||| DROPPING +0 helmet of intelligence.
 18773 | D:14     | 18773 ||| Stepping ~*~*~tactically~*~*~ (hiding).
 18774 | D:14     | 18774 ||| Stepping ~*~*~tactically~*~*~ (hiding).
 18776 | D:14     | 18776 ||| Stepping ~*~*~tactically~*~*~ (hiding).
 18801 | D:14     | 18801 ||| INVOKING Heroism.
 18820 | D:14     | Noticed Snorg
 18821 | D:14     | 18821 ||| INVOKING Finesse.
 18831 | D:14     | Killed Snorg
 18893 | D:14     | 18893 ||| INVOKING Heroism.
 18923 | D:14     | 18923 ||| Stepping ~*~*~tactically~*~*~ (stealth).
 18924 | D:14     | Noticed Lodul
 18925 | D:14     | 18925 ||| Stepping ~*~*~tactically~*~*~ (hiding).
 18942 | D:14     | Killed Lodul
 18943 | D:14     | Received a gift from Okawaru
 19070 | D:14     | 19070 ||| Stepping ~*~*~tactically~*~*~ (hiding).
 19071 | D:14     | 19071 ||| Stepping ~*~*~tactically~*~*~ (hiding).
 19075 | D:14     | 19075 ||| INVOKING Heroism.
 19076 | D:14     | HP: 18/92 [efreet/fireball (23)]
 19077 | D:14     | 19077 ||| READING 5 scrolls of teleportation.
 19078 | D:14     | 19078 ||| DRINKING 3 potions of heal wounds.
 19100 | D:14     | Reached XP level 15. HP: 32/96 MP: 22/22
 19102 | D:14     | Identified the +0 hat of the Beastly God {Harm rF- rC+
                  | Str+3} (Okawaru gifted it to you on level 14 of the
                  | Dungeon)
 19102 | D:14     | Received a gift from Okawaru
 19103 | D:14     | Reached skill level 12 in Shields
 19263 | D:14     | 19263 ||| INVOKING Heroism.
 19264 | D:14     | Found a gate to the Vaults.
 19278 | D:14     | Noticed Frances
 19279 | D:14     | 19279 ||| INVOKING Finesse.
 19293 | D:14     | Killed Frances
 19499 | D:14     | 19499 ||| INVOKING Heroism.
 19500 | D:14     | 19500 ||| INVOKING Finesse.
 19512 | D:14     | 19512 ||| FLEEEEING.
 19513 | D:14     | 19513 ||| FLEEEEING.
 19514 | D:14     | 19514 ||| FLEEEEING.
 19515 | D:14     | 19515 ||| FLEEEEING.
 19516 | D:14     | 19516 ||| FLEEEEING.
 19517 | D:14     | 19517 ||| FLEEEEING.
 19518 | D:14     | 19518 ||| FLEEEEING.
 19519 | D:14     | 19519 ||| FLEEEEING.
 19520 | D:14     | 19520 ||| FLEEEEING.
 19521 | D:14     | 19521 ||| FLEEEEING.
 19522 | D:14     | 19522 ||| FLEEEEING.
 19523 | D:14     | 19523 ||| FLEEEEING.
 19524 | D:14     | 19524 ||| FLEEEEING.
 19525 | D:14     | 19525 ||| FLEEEEING.
 19527 | D:14     | 19527 ||| FLEEEEING.
 19529 | D:14     | 19529 ||| STAIRDANCE
 19717 | D:14     | 19717 ||| INVOKING Heroism.
 19729 | D:14     | 19729 ||| Stepping ~*~*~tactically~*~*~ (cloud).
 19731 | D:14     | 19731 ||| Stepping ~*~*~tactically~*~*~ (cloud).
 19918 | D:15     | Entered Level 15 of the Dungeon
 19918 | D:15     | Found Hoq Ika's Antique Weapon Boutique.
 19920 | D:15     | 19920 ||| Stepping ~*~*~tactically~*~*~ (hiding).
 19921 | D:15     | Found an ancient bone altar of Kikubaaqudgha.
 19950 | D:15     | 19950 ||| INVOKING Heroism.
 19951 | D:15     | 19951 ||| SWAPPING to +2 hand axe of flaming.
 19961 | D:15     | 19961 ||| SWAPPING to +2 broad axe of electrocution.
 20029 | D:15     | Found a staircase to the Depths.
 20030 | D:15     | 20030 ||| Stepping ~*~*~tactically~*~*~ (hiding).
 20062 | D:15     | 20062 ||| INVOKING Heroism.
 20069 | D:15     | 20069 ||| Stepping ~*~*~tactically~*~*~ (hiding).
 20225 | D:15     | 20225 ||| INVOKING Heroism.
 20254 | D:15     | Reached skill level 16 in Axes
 20458 | D:15     | 20458 ||| Stepping ~*~*~tactically~*~*~ (stealth).
 20528 | D:15     | Found Uthraotz's Armour Shop.
 20537 | D:15     | 20537 ||| BUYING +0 pair of gloves (63 gold).
 20537 | D:15     | Bought a +0 pair of gloves for 63 gold pieces
 20537 | D:15     | 20537 ||| BUYING +1 cloak (161 gold).
 20537 | D:15     | Bought a +1 cloak for 161 gold pieces
 20537 | D:15     | 20537 ||| BUYING +4 chain mail of Gozag's Grace {rF+ Dex+3}
                  | (627 gold).
 20537 | D:15     | Bought the +4 chain mail of Gozag's Grace {rF+ Dex+3} for
                  | 627 gold pieces
 20564 | D:15     | Noticed Kirke
 20565 | D:15     | 20565 ||| INVOKING Heroism.
 20588 | D:15     | Killed Kirke
 20674 | D:15     | Found Fugoil's Antique Weapon Shoppe.
 20719 | D:15     | 20719 ||| INVOKING Heroism.
 20905 | D:15     | 20905 ||| Stepping ~*~*~tactically~*~*~ (stealth).
 20926 | D:15     | 20926 ||| Stepping ~*~*~tactically~*~*~ (stealth).
 20957 | D:15     | Found Orics's General Store.
 20961 | D:15     | 20961 ||| BUYING scroll of identify (34 gold).
 20961 | D:15     | Bought a scroll of identify for 34 gold pieces
 21010 | D:15     | 21010 ||| PLANNING ORC
 21010 | D:15     | 21010 ||| DROPPING +0 fire dragon scales.
 21011 | D:15     | 21011 ||| DROPPING +4 chain mail.
 21012 | D:15     | 21012 ||| UPGRADING to +0 pair of gloves.
 21017 | D:15     | 21017 ||| UPGRADING to +1 cloak.
 21027 | D:15     | 21027 ||| DROPPING +0 cloak.
 21028 | D:15     | 21028 ||| UPGRADING to +4 chain mail of Gozag's Grace {rF+
                  | Dex+3}.
 21038 | D:15     | 21038 ||| DROPPING +3 chain mail of willpower.
 21115 | Orc:1    | Entered Level 1 of the Orcish Mines
 21115 | Orc:1    | Noticed Erica
 21116 | Orc:1    | 21116 ||| INVOKING Heroism.
 21124 | Orc:1    | Killed Erica
 21225 | Orc:1    | 21225 ||| Stepping ~*~*~tactically~*~*~ (stealth).
 21226 | Orc:1    | 21226 ||| Stepping ~*~*~tactically~*~*~ (hiding).
 21227 | Orc:1    | 21227 ||| Stepping ~*~*~tactically~*~*~ (hiding).
 21501 | Orc:2    | Entered Level 2 of the Orcish Mines
 21509 | Orc:2    | Found a staircase to the Elven Halls.
 21529 | Orc:2    | 21529 ||| DRINKING 15 potions of curing.
 21529 | Orc:2    | 21529 ||| (to cure confusion)
 21610 | Orc:1    | 21610 ||| Stepping ~*~*~tactically~*~*~ (hiding).
 21913 | Orc:2    | 21913 ||| Stepping ~*~*~tactically~*~*~ (hiding).
 22034 | Orc:2    | 22034 ||| Stepping ~*~*~tactically~*~*~ (stealth).
 22036 | Orc:2    | 22036 ||| Stepping ~*~*~tactically~*~*~ (hiding).
 22040 | Orc:2    | 22040 ||| Stepping ~*~*~tactically~*~*~ (hiding).
 22051 | Orc:2    | 22051 ||| Stepping ~*~*~tactically~*~*~ (stealth).
 22053 | Orc:2    | 22053 ||| Stepping ~*~*~tactically~*~*~ (stealth).
 22058 | Orc:2    | 22058 ||| Stepping ~*~*~tactically~*~*~ (hiding).
 22214 | Orc:2    | 22214 ||| Stepping ~*~*~tactically~*~*~ (hiding).
 22217 | Orc:2    | 22217 ||| Stepping ~*~*~tactically~*~*~ (hiding).
 22219 | Orc:2    | 22219 ||| INVOKING Heroism.
 22236 | Orc:2    | Noticed an orc warlord
 22264 | Orc:2    | Killed an orc warlord
 22264 | Orc:2    | Received a gift from Okawaru
 22289 | Orc:2    | 22289 ||| FLEEEEING.
 22290 | Orc:2    | 22290 ||| FLEEEEING.
 22291 | Orc:2    | 22291 ||| FLEEEEING.
 22292 | Orc:2    | 22292 ||| FLEEEEING.
 22293 | Orc:2    | 22293 ||| FLEEEEING.
 22294 | Orc:2    | 22294 ||| FLEEEEING.
 22295 | Orc:2    | 22295 ||| FLEEEEING.
 22296 | Orc:2    | 22296 ||| FLEEEEING.
 22297 | Orc:2    | 22297 ||| FLEEEEING.
 22298 | Orc:2    | 22298 ||| FLEEEEING.
 22299 | Orc:2    | 22299 ||| FLEEEEING.
 22300 | Orc:2    | 22300 ||| FLEEEEING.
 22301 | Orc:2    | 22301 ||| FLEEEEING.
 22302 | Orc:2    | 22302 ||| FLEEEEING.
 22303 | Orc:2    | 22303 ||| FLEEEEING.
 22304 | Orc:2    | 22304 ||| FLEEEEING.
 22305 | Orc:2    | 22305 ||| FLEEEEING.
 22306 | Orc:2    | 22306 ||| FLEEEEING.
 22307 | Orc:2    | 22307 ||| FLEEEEING.
 22308 | Orc:2    | 22308 ||| FLEEEEING.
 22310 | Orc:2    | 22310 ||| FLEEEEING.
 22311 | Orc:2    | 22311 ||| FLEEEEING.
 22313 | Orc:2    | 22313 ||| FLEEEEING.
 22326 | Orc:2    | 22326 ||| FLEEEEING.
 22328 | Orc:2    | 22328 ||| FLEEEEING.
 22329 | Orc:2    | 22329 ||| FLEEEEING.
 22330 | Orc:2    | 22330 ||| FLEEEEING.
 22332 | Orc:2    | 22332 ||| FLEEEEING.
 22335 | Orc:2    | 22335 ||| FLEEEEING.
 22336 | Orc:2    | 22336 ||| FLEEEEING.
 22337 | Orc:2    | 22337 ||| FLEEEEING.
 22338 | Orc:2    | 22338 ||| FLEEEEING.
 22339 | Orc:2    | 22339 ||| FLEEEEING.
 22341 | Orc:2    | 22341 ||| STAIRDANCE
 22532 | Orc:2    | 22532 ||| Stepping ~*~*~tactically~*~*~ (hiding).
 22583 | Orc:2    | Found Uzoteteh's Assorted Antiques.
 22592 | Orc:2    | 22592 ||| BUYING potion of heal wounds (150 gold).
 22592 | Orc:2    | Bought a potion of heal wounds for 150 gold pieces
 22592 | Orc:2    | 22592 ||| BUYING scroll of teleportation (90 gold).
 22592 | Orc:2    | Bought a scroll of teleportation for 90 gold pieces
 22718 | Orc:2    | 22718 ||| Stepping ~*~*~tactically~*~*~ (hiding).
 22726 | Orc:2    | 22726 ||| INVOKING Heroism.
 22740 | Orc:2    | Found Jyakiuho's Antique Armour Emporium.
 22756 | Orc:2    | 22756 ||| BUYING runed scarf (184 gold).
 22756 | Orc:2    | Bought a runed scarf for 184 gold pieces
 22807 | Orc:2    | 22807 ||| Stepping ~*~*~tactically~*~*~ (stealth).
 22808 | Orc:2    | 22808 ||| Stepping ~*~*~tactically~*~*~ (stealth).
 22849 | Orc:2    | 22849 ||| INVOKING Heroism.
 22909 | Orc:2    | 22909 ||| Stepping ~*~*~tactically~*~*~ (stealth).
 22910 | Orc:2    | 22910 ||| Stepping ~*~*~tactically~*~*~ (stealth).
 22911 | Orc:2    | 22911 ||| Stepping ~*~*~tactically~*~*~ (stealth).
 22922 | Orc:2    | Found Ishimnik's Antique Weapon Shoppe.
 22924 | Orc:2    | Found Zottuir's Antique Armour Emporium.
 22931 | Orc:2    | 22931 ||| BUYING glowing broad axe (210 gold).
 22931 | Orc:2    | Bought a glowing broad axe for 210 gold pieces
 22931 | Orc:2    | 22931 ||| BUYING glowing war axe (195 gold).
 22931 | Orc:2    | Bought a glowing war axe for 195 gold pieces
 22931 | Orc:2    | 22931 ||| BUYING runed war axe (195 gold).
 22931 | Orc:2    | Bought a runed war axe for 195 gold pieces
 22931 | Orc:2    | 22931 ||| DROPPING +2 hand axe of flaming.
 22932 | Orc:2    | 22932 ||| DROPPING +4 war axe.
 22933 | Orc:2    | 22933 ||| DROPPING +3 heavy war axe.
 23098 | Orc:2    | 23098 ||| DRINKING 14 potions of curing.
 23098 | Orc:2    | 23098 ||| (to cure confusion)
 23100 | Orc:2    | 23100 ||| Stepping ~*~*~tactically~*~*~ (hiding).
 23130 | Orc:2    | 23130 ||| PLANNING SHOALS:1-3
 23130 | Orc:2    | 23130 ||| DROPPING scarf of invisibility.
 23318 | Shoals:1 | Entered Level 1 of the Shoals
 23327 | Shoals:1 | 23327 ||| Stepping ~*~*~tactically~*~*~ (hiding).
 23363 | Shoals:1 | 23363 ||| INVOKING Heroism.
 23383 | Shoals:1 | Found a runed translucent door.
 23383 | Shoals:1 | Noticed ShutUppercut's ghost (adept SpEn)
 23561 | Shoals:1 | 23561 ||| INVOKING Heroism.
 23564 | Shoals:1 | 23564 ||| INVOKING Finesse.
 23604 | Shoals:1 | Received a gift from Okawaru
 23605 | Shoals:1 | Reached XP level 16. HP: 48/101 MP: 18/23
 23697 | Shoals:1 | 23697 ||| INVOKING Heroism.
 23878 | Shoals:1 | 23878 ||| Stepping ~*~*~tactically~*~*~ (hiding).
 23880 | Shoals:1 | 23880 ||| Stepping ~*~*~tactically~*~*~ (hiding).
 23882 | Shoals:1 | 23882 ||| Stepping ~*~*~tactically~*~*~ (hiding).
 24057 | Shoals:1 | 24057 ||| Stepping ~*~*~tactically~*~*~ (stealth).
 24061 | Shoals:1 | 24061 ||| Stepping ~*~*~tactically~*~*~ (stealth).
 24073 | Shoals:1 | 24073 ||| Stepping ~*~*~tactically~*~*~ (hiding).
 24074 | Shoals:1 | 24074 ||| Stepping ~*~*~tactically~*~*~ (hiding).
 24075 | Shoals:1 | 24075 ||| Stepping ~*~*~tactically~*~*~ (hiding).
 24076 | Shoals:1 | 24076 ||| Stepping ~*~*~tactically~*~*~ (hiding).
 24077 | Shoals:1 | 24077 ||| Stepping ~*~*~tactically~*~*~ (hiding).
 24079 | Shoals:1 | 24079 ||| Stepping ~*~*~tactically~*~*~ (stealth).
 24080 | Shoals:1 | 24080 ||| Stepping ~*~*~tactically~*~*~ (stealth).
 24081 | Shoals:1 | 24081 ||| Stepping ~*~*~tactically~*~*~ (hiding).
 24094 | Shoals:1 | Received a gift from Okawaru
 24128 | Shoals:1 | Identified the +0 robe of Indomitability {rN+ rCorr}
                  | (Okawaru gifted it to you on level 1 of the Shoals)
 24128 | Shoals:1 | Received a gift from Okawaru
 24129 | Shoals:1 | Reached skill level 17 in Axes
 24228 | Shoals:1 | 24228 ||| INVOKING Heroism.
 24229 | Shoals:1 | 24229 ||| INVOKING Finesse.
 24744 | Shoals:2 | 24744 ||| INVOKING Heroism.
 24764 | Shoals:2 | 24764 ||| Stepping ~*~*~tactically~*~*~ (stealth).
 24765 | Shoals:2 | 24765 ||| Stepping ~*~*~tactically~*~*~ (stealth).
 24766 | Shoals:2 | 24766 ||| Stepping ~*~*~tactically~*~*~ (stealth).
 24767 | Shoals:2 | 24767 ||| Stepping ~*~*~tactically~*~*~ (stealth).
 24769 | Shoals:2 | 24769 ||| Stepping ~*~*~tactically~*~*~ (stealth).
 24862 | Shoals:2 | 24862 ||| READING scroll of brand weapon.
 24862 | Shoals:2 | 24862 ||| BRANDING +2 broad axe of electrocution.
 24863 | Shoals:2 | 24863 ||| SWAPPING to +2 broad axe of flaming.
 24864 | Shoals:2 | 24864 ||| DROPPING +2 broad axe of venom.
 24896 | Shoals:2 | 24896 ||| Stepping ~*~*~tactically~*~*~ (hiding).
 24899 | Shoals:2 | 24899 ||| Stepping ~*~*~tactically~*~*~ (hiding).
 24900 | Shoals:2 | 24900 ||| Stepping ~*~*~tactically~*~*~ (hiding).
 24901 | Shoals:2 | 24901 ||| Stepping ~*~*~tactically~*~*~ (hiding).
 24902 | Shoals:2 | 24902 ||| Stepping ~*~*~tactically~*~*~ (hiding).
 24981 | Shoals:2 | 24981 ||| FLEEEEING.
 24982 | Shoals:2 | 24982 ||| FLEEEEING.
 24983 | Shoals:2 | 24983 ||| FLEEEEING.
 24984 | Shoals:2 | 24984 ||| FLEEEEING.
 24986 | Shoals:2 | 24986 ||| INVOKING Heroism.
 25006 | Shoals:2 | 25006 ||| Stepping ~*~*~tactically~*~*~ (hiding).
 25007 | Shoals:2 | 25007 ||| Stepping ~*~*~tactically~*~*~ (hiding).
 25638 | Shoals:2 | Noticed a kraken
 25648 | Shoals:2 | Killed a kraken
 25916 | Shoals:3 | Reached skill level 6 in Dodging
 25934 | Shoals:3 | Received a gift from Okawaru
 25948 | Shoals:3 | 25948 ||| Stepping ~*~*~tactically~*~*~ (stealth).
 26024 | Shoals:3 | 26024 ||| READING scroll of brand weapon.
 26024 | Shoals:3 | 26024 ||| BRANDING +2 broad axe of flaming.
 26255 | Shoals:3 | 26255 ||| Stepping ~*~*~tactically~*~*~ (hiding).
 26256 | Shoals:3 | 26256 ||| Stepping ~*~*~tactically~*~*~ (hiding).
 26338 | Shoals:3 | Received a gift from Okawaru
 26370 | Shoals:3 | 26370 ||| FLEEEEING.
 26371 | Shoals:3 | 26371 ||| FLEEEEING.
 26372 | Shoals:3 | 26372 ||| FLEEEEING.
 26373 | Shoals:3 | 26373 ||| FLEEEEING.
 26383 | Shoals:3 | 26383 ||| Stepping ~*~*~tactically~*~*~ (hiding).
 26486 | Shoals:3 | 26486 ||| DROPPING +0 mace.
 26994 | Shoals:3 | 26994 ||| PLANNING SPIDER:1-3
 26994 | Shoals:3 | 26994 ||| DROPPING +0 pair of boots of rampaging.
 26995 | Shoals:3 | 26995 ||| UPGRADING to +2 kite shield of reflection.
 27005 | Shoals:3 | 27005 ||| DROPPING +0 kite shield.
 27079 | Spider:1 | Entered Level 1 of the Spider Nest
 27079 | Spider:1 | Noticed Mlioglotl
 27080 | Spider:1 | 27080 ||| INVOKING Heroism.
 27081 | Spider:1 | 27081 ||| INVOKING Finesse.
 27090 | Spider:1 | Reached skill level 18 in Axes
 27095 | Spider:1 | Killed Mlioglotl
 27096 | Spider:1 | Reached XP level 17. HP: 38/108 MP: 17/24
 27096 | Spider:1 | 27096 ||| STAIRDANCE
 27096 | Spider:1 | HP: 25/108 [meliai/divine providence (13)]
 27098 | Lair:2   | 27098 ||| READING 7 scrolls of teleportation.
 27099 | Lair:2   | 27099 ||| DRINKING 6 potions of heal wounds.
 27281 | Lair:2   | 27281 ||| DROPPING +0 morningstar.
 27314 | Spider:1 | 27314 ||| STAIRDANCE
 27351 | Spider:1 | 27351 ||| STAIRDANCE
 27359 | Lair:2   | 27359 ||| INVOKING Heroism.
 27447 | Spider:1 | 27447 ||| STAIRDANCE
 27492 | Spider:1 | 27492 ||| STAIRDANCE
 27492 | Spider:1 | Noticed Donald
 27630 | Spider:1 | 27630 ||| INVOKING Heroism.
 27631 | Spider:1 | 27631 ||| INVOKING Finesse.
 27637 | Spider:1 | HP: 2/109 [Donald/+1 broad axe of freezing (31)]
 27637 | Spider:1 | Mangled by Donald

Levels and vault maps discovered:
D:1:      giann_bridges, layout_basic, serial_shops,
          nicolae_shop_getting_attention, roderic_lattice_a
D:2:      layout_loops_ring, minmay_fractal_squares_5, uniq_terence
D:3:      layout_loops_corners, bloody_makhleb,
          grunt_temple_overflow_bloody_war, serial_shops,
          nicolae_shop_behind_doors, hellmonk_ecumenical_altar_dog_temple,
          minmay_misc_feat_four_crosses
D:4:      layout_basic, chequers_temple_overflow_statue_of_worship,
          gup_sewer_entry_glass, kennysheep_decorative_pillar,
          minmay_misc_feat_square, minmay_gold_behind_fungi, uniq_sigmund
D:5:      layout_rooms, minmay_misc_feat_rugged, minmay_shop_mayhem
D:6:      layout_rooms
D:7:      nicolae_cairo_tiling_large_dashed, layout_gridville,
          minmay_temple_entry_glassed_door, uniq_maggie
D:8:      layout_basic
D:9:      layout_loops_ring, dreamdust_gnoll_shepherd
D:10:     layout_loops_ring, hellmonk_lair_entry_icy,
          gammafunk_ghost_stat_death, uniq_harold
D:11:     layout_basic
D:12:     layout_cross, orc_0_dummy
D:13:     layout_basic, portal_ice_cave_demonic_guard
D:14:     layout_basic, erik_vaults_1, serial_bayou_pond_b, minivault_16,
          uniq_lodul, uniq_snorg, uniq_frances
D:15:     gammafunk_depths_entry_grave, layout_rooms, serial_shops,
          nicolae_shop_back_alley_shop, nicolae_shop_hallway_plus,
          nicolae_shop_pleasant_corner_grove, nicolae_shop_crystal,
          nicolae_kikubaaqudgha_miasma_corner, uniq_kirke
Lair:1:   layout_concentric_octagons, basic_altar
Lair:2:   layout_cellular_growth, hellmonk_spider_entry_life_and_decay,
          st_stairs_13, minmay_shattered_shrine
Lair:3:   layout_cave_shapes, elwin_shoals_entry_rooms,
          cheibrodos_lair_reptile_den, uniq_amaemon
Lair:4:   layout_cave_pods
Lair:5:   evilmike_catoblepas_cave, layout_cave_pods,
          minmay_slime_entry_oklob_enclosed, serial_rivers,
          chequers_serial_rivers_large_a, chequers_serial_rivers_micro_e,
          chequers_serial_rivers_micro_c, chequers_serial_rivers_micro_a,
          chequers_serial_rivers_micro_d, chequers_serial_rivers_micro_d,
          lemuel_fruit_fields
Shoals:1: layout_shoals, gammafunk_ghost_grave,
          nicolae_shoals_siren_and_animal_friends
Shoals:2: layout_shoals
Shoals:3: cheibrodos_shoals_three_sisters, layout_shoals,
          nicolae_shoals_wave_tunnel
Spider:1: layout_spider_delve, special_room [special_room_bee], uniq_donald,
          uniq_mlioglotl
Orc:1:    layout_caves, minmay_orc_temple_a, uniq_erica
Orc:2:    grunt_orc_community_town_hall, layout_diamond_mine,
          grunt_orc_community_big_house_2, grunt_orc_community_big_house_1,
          grunt_orc_community_house_3, grunt_orc_community_house_2,
          grunt_orc_community_house_2, grunt_orc_community_house_1,
          grunt_orc_community_house_3, grunt_orc_community_house_1, basic_altar

Skill      XL: |  1  2  3  4  5  6  7  8  9 10 11 12 13 14 15 16 |
---------------+-------------------------------------------------+-----
Axes           | 2 3 4 5 6 8 10 11 13 15 16 18 | 18.0
Fighting       | 5 7 8 9 10 11 12 13 | 13.3
Dodging        | 1 2 4 5 6 |  6.0
Invocations    | 3 4 8 10 | 10.0
Throwing       | 1 3 4 6 7 |  7.0
Armour         | 4 5 6 8 9 10 11 | 11.0
Shields        | 5 6 7 11 13 | 13.5

Action                     |  1- 3 |  4- 6 |  7- 9 | 10-12 | 13-15 | 16-18 || total
---------------------------+-------+-------+-------+-------+-------+-------++-------
  Melee: War axe           |    93 |   117 |    19 |       |       |       ||   229
         Broad axe         |       |       |   174 |   490 |   997 |   426 ||  2087
         Hand axe          |       |       |       |    25 |    12 |       ||    37
  Throw: Boomerang         |    38 |    45 |    54 |    72 |   139 |     5 ||   353
         Javelin           |       |       |       |    10 |    76 |    11 ||    97
 Invoke: Heroism           |       |       |    10 |    21 |    36 |     7 ||    74
         Finesse           |       |       |       |     5 |    12 |     3 ||    20
    Use: Scroll            |     9 |     4 |     3 |     9 |     6 |     3 ||    34
         Potion            |       |     2 |     3 |     1 |     6 |     1 ||    13
   Stab: Distracted        |       |       |       |       |       |     1 ||     1
 Armour: Scale mail        |    49 |       |       |       |       |       ||    49
         Chain mail        |     8 |    70 |   116 |   402 |   474 |   297 ||  1367
  Dodge: Dodged            |    54 |    47 |    80 |   194 |   249 |   183 ||   807
  Block: Buckler           |    26 |    15 |    47 |   127 |    40 |       ||   255
         Kite shield       |       |       |       |       |   366 |   286 ||   652

Table legend:
 A = Non-vault XP
 B = Vault XP
 C = Vault XP percentage of total XP
 D = Non-vault monster count
 E = Vault monster count
 F = Vault count percentage of total count
                 A         B        C        D         E       F
            +---------+---------+-------+---------+---------+-------
      Total |  126375 |   62238 |  33.0 |     562 |     221 |  28.2
            +---------+---------+-------+---------+---------+-------
        D:1 |      33 |       0 |   0.0 |      21 |       0 |   0.0
        D:2 |      47 |      56 |  54.4 |      20 |       6 |  23.1
        D:3 |      34 |      18 |  34.6 |      14 |       3 |  17.6
        D:4 |     134 |     270 |  66.8 |       9 |       5 |  35.7
        D:5 |     289 |       0 |   0.0 |      12 |       0 |   0.0
        D:6 |    1354 |       0 |   0.0 |      31 |       0 |   0.0
        D:7 |    1557 |     376 |  19.5 |      20 |       1 |   4.8
        D:8 |    1162 |       0 |   0.0 |      33 |       0 |   0.0
        D:9 |    2909 |     434 |  13.0 |      26 |       3 |  10.3
       D:10 |    2435 |    2425 |  49.9 |      27 |      10 |  27.0
       D:11 |    2700 |       0 |   0.0 |      20 |       0 |   0.0
       D:12 |    6193 |       0 |   0.0 |      24 |       0 |   0.0
       D:13 |    8814 |     656 |   6.9 |      18 |       2 |  10.0
       D:14 |    7566 |    7598 |  50.1 |      14 |      17 |  54.8
       D:15 |    7979 |    7454 |  48.3 |      15 |      16 |  51.6
     Lair:1 |    3754 |       0 |   0.0 |      13 |       0 |   0.0
     Lair:2 |   13206 |    4115 |  23.8 |      46 |      10 |  17.9
     Lair:3 |    3329 |    1695 |  33.7 |      17 |       9 |  34.6
     Lair:4 |    7013 |       0 |   0.0 |      27 |       0 |   0.0
     Lair:5 |    6196 |   12497 |  66.9 |      21 |      27 |  56.2
   Shoals:1 |   17249 |    4264 |  19.8 |      31 |       9 |  22.5
   Shoals:2 |   17671 |       0 |   0.0 |      32 |       0 |   0.0
   Shoals:3 |    8381 |   11284 |  57.4 |      16 |      19 |  54.3
   Spider:1 |    1306 |    1823 |  58.3 |       2 |       1 |  33.3
      Orc:1 |    1975 |     982 |  33.2 |      23 |       8 |  25.8
      Orc:2 |    3089 |    6140 |  66.5 |      30 |      72 |  70.6
      Sewer |       0 |     151 | 100.0 |       0 |       3 | 100.0
            +---------+---------+-------+---------+---------+-------
